 Dungeon Crawl Stone Soup version 0.28.0-45-g0d030f2227 (webtiles) character file.

Game seed: 12390786479900222584

54 nickcage the Firebug (level 3, 0/19 HPs)
             Began as a Deep Elf Fire Elementalist on Apr 11, 2022.
             Was an Initiate of Sif Muna.
             Killed by divine providence
             ... invoked by an orc priest
              (12 damage)
             ... on level 3 of the Dungeon.
             The game lasted 00:05:30 (1630 turns).

nickcage the Firebug (Deep Elf Fire Elementalist)   Turns: 1630, Time: 00:05:31

Health: 0/19       AC:  2    Str:  5    XL:     3   Next: 66%
Magic:  14/18      EV: 12    Int: 21    God:    Sif Muna [......]
Gold:   26         SH:  0    Dex: 15    Spells: 5/8 levels left

rFire   . . .      SeeInvis .   k - +0 morningstar
rCold   . . .      Faith    .   (no shield)
rNeg    . . .      Spirit   .   a - +0 robe
rPois   +          Reflect  .   (no helmet)
rElec   .          Harm     .   (no cloak)
rCorr   .          Rampage  .   (no gloves)
Will    .....                   (no boots)
Stlth   ++........              (no amulet)
HPRegen 0.06/turn               d - ring of poison resistance
MPRegen 0.16/turn               f - ring of magical power

@: no status effects
A: no striking features
a: Renounce Religion


You were on level 3 of the Dungeon.
You worshipped Sif Muna.
Sif Muna was noncommittal.
You visited 1 branch of the dungeon, and saw 3 of its levels.

You collected 26 gold pieces.

Inventory:

Hand Weapons
 h - a +0 whip
 k - a +0 morningstar (weapon)
Armour
 a - a +0 robe (worn)
Jewellery
 d - a ring of poison resistance (left hand)
 f - a ring of magical power (right hand)
 g - an amulet of guardian spirit
Scrolls
 b - a scroll of enchant weapon {unknown}
 c - a scroll of fog {unknown}
 e - 2 scrolls of magic mapping {unknown}
Potions
 i - a potion of flight {unknown}
 j - a potion of lignification {unknown}


   Skills:
 - Level 2.4 Dodging
 - Level 2.4 Stealth
 - Level 3.0 Spellcasting
 * Level 2.2 Conjurations
 + Level 4.7 Fire Magic


You had 5 spell levels left.
You knew the following spells:

 Your Spells              Type           Power      Damage    Failure   Level
a - Foxfire               Conj/Fire      68%        2x1d7     3%          1
b - Scorch                Fire           44%        2d7       3%          2

Your spell library contained the following spells:

 Spells                   Type           Power      Damage    Failure   Level
 Conjure Flame            Conj/Fire      17%        6-21      10%         3
 Freeze                   Ice            12%        1d4       13%         1
 Inner Flame              Hex/Fire       13%        N/A       16%         3
 Flame Wave               Conj/Fire      17%        2d6       30%         4
 Frozen Ramparts          Ice            6%         1d2       36%         3
 Hailstorm                Conj/Ice       7%         3d4       63%         4


Dungeon Overview and Level Annotations

Branches:
Dungeon (3/15)

Altars:
Sif Muna

Shops:
D:2 (


Message History

Flames lash the orc.
The orc is moderately wounded.
The orc's fire resistance burns away.
You hear a shout!
An orc priest comes into view.
It is wielding a +2 morningstar of protection.
You hear a shout!
Flames lash the orc.
The orc is burned terribly!
You kill the orc!
Sif Muna accepts your kill.
The orc priest calls down the wrath of Beogh upon you.
Beogh smites you!
Ouch! That really hurt!
* * * LOW HITPOINT WARNING * * *
An orc comes into view. It is wielding a +0 hand axe.
Things that are here:
a +0 club; an orc skeleton
Things that are here:
a +0 club; a +0 scale mail
Things that are here:
a +0 club; a +0 leather armour
There is a stone staircase leading up here.
You climb upwards.
There is a stone staircase leading down here.
You start resting.
Magic restored.
You start resting.
HP restored.
You climb downwards.
The orc priest calls down the wrath of Beogh upon you.
Beogh smites you!
There is a stone staircase leading up here.
Flames lash the orc priest.
The orc priest is moderately wounded.
The orc priest's fire resistance burns away.
Flames lash the orc priest.
The orc priest is burned terribly!
The orc priest is severely wounded.
The orc priest calls down the wrath of Beogh upon you.
Beogh smites you!
Ouch! That really hurt!
You die...

#.. #.# .## #.#########... ..
##..<........# ...
####............##.#
#....#..........#..#
##.####............#
##.####..####..........#
............#.@oo...[..#
...####.###[##.#####)..#
##### ##†.#
#....#####.#.###...[. ##).##
##..........).#......
##..###....#######o#).)......
##..###..#### #....#.......
#.......# #.#o##.......
##..###### #.#..........
###...# #....#.(.....


You could see an orc priest (combustible) and an orc.

Vanquished Creatures
  2 adders
  2 dart slugs
  9 orcs (D:3)
  2 endoplasms (D:3)
  A goblin (D:2)
  3 hobgoblins
  A kobold (D:2)
  2 ball pythons
  A bat (D:2)
23 creatures vanquished.

Vanquished Creatures (others)
  17 foxfires
  A plant (D:2)
18 creatures vanquished.

Grand Total: 41 creatures vanquished

Notes
Turn   | Place    | Note
-------+----------+-------------------------------------------
     0 | D:1      | nickcage the Deep Elf Fire Elementalist began the quest for
                  | the Orb.
     0 | D:1      | Reached XP level 1. HP: 10/10 MP: 6/6
   317 | D:1      | You fall into a shaft and drop 1 floor!
   338 | D:2      | Reached skill level 4 in Fire Magic
   338 | D:2      | Reached XP level 2. HP: 15/15 MP: 8/8
   341 | D:2      | Learned a level 2 spell: Scorch
   515 | D:2      | Found a shimmering blue altar of Sif Muna.
   524 | D:2      | Became a worshipper of Sif Muna the Loreminder
   747 | D:2      | Found Ceoh's Antique Weapon Emporium.
  1007 | D:3      | Reached XP level 3. HP: 19/19 MP: 9/9
  1630 | D:3      | Killed from afar by an orc priest

Illustrated notes

Levels and vault maps discovered:
D:1:      ncdulo_watergridlock, layout_basic, nicolae_ecumenical_snake_handling,
          minmay_tromino_v2
D:2:      layout_basic, serial_shops, nicolae_shop_overgrown_old_shop,
          basic_altar, minmay_misc_feat_ornament
D:3:      layout_rooms, nicolae_ru_great_annihilating_truth, st_stairs_2

Skill      XL: |  1  2 |
---------------+-------+-----
Fire Magic     | 4 |  4.7
Conjurations   | 2 |  2.2
Dodging        | |  2.4
Stealth        | |  2.4
Spellcasting   | |  3.0

Action                   || total
-------------------------++-------
Melee: Unarmed           ||     3
       Morningstar       ||     2
 Cast: Foxfire           ||    12
       Scorch            ||    27
Dodge: Dodged            ||     8
